 Seeded DCSS version 0.30-a0-1043-g60ff8d5f49 (webtiles) character file.

Game seed: 10352460324943366261 (custom seed)

165 GigaChad the Shield-Bearer (level 5, -5/42 HPs)
             Began as a Formicid Fighter on Apr 11, 2023.
             Slain by an ogre
             ... wielding a +0 giant club
              (8 damage)
             ... on level 3 of the Dungeon.
             The game lasted 00:02:16 (2280 turns).

GigaChad the Shield-Bearer (Formicid Fighter)       Turns: 2280, Time: 00:02:16

Health: -5/42      AC:  7    Str: 28    XL:     5   Next: 74%
Magic:  5/5        EV:  8    Int:  8    God:
Gold:   143        SH:  9    Dex: 13    Spells: 4/4 levels left

rFire   . . .      SeeInvis +    a - +0 war axe
rCold   . . .      Faith    .    n - +0 kite shield
rNeg    . . .      Spirit   .    b - +0 scale mail
rPois   .          Reflect  .    (helmet unavailable)
rElec   .          Rampage  .    (no cloak)
rCorr   .                        (no gloves)
Will    .....                    (no boots) Stlth
                                 (no amulet)
HPRegen 0.27/turn                e - +6 ring of strength
MPRegen 0.09/turn                (no ring)

@: mighty
A: permanent stasis, dig shafts and tunnels, antennae 3, four strong arms
a: Dig, Shaft Self


You were on level 3 of the Dungeon.
You visited 1 branch of the dungeon, and saw 3 of its levels.

You collected 143 gold pieces.

Inventory:

Hand Weapons
 a - a +0 war axe (weapon)
Armour
 b - a +0 scale mail (worn)
 c - a +0 buckler
 n - a +0 kite shield (worn)
Jewellery
 e - a +6 ring of strength (left hand)
 p - a ring of magical power
Scrolls
 f - a scroll of fear {unknown}
 g - a scroll of butterflies {unknown}
 i - 6 scrolls of identify {unknown}
 m - a scroll of fog {unknown}
 o - a scroll of enchant weapon {unknown}
 s - a scroll of acquirement {unknown}
Potions
 h - a potion of degeneration {unknown}
 j - a potion of brilliance {unknown}
 k - a potion of curing {unknown}
 l - a potion of flight {unknown}
 q - 4 potions of lignification {unknown}
 r - 2 potions of ambrosia {unknown}


   Skills:
 * Level 4.0 Fighting
 + Level 3.6 Axes
 + Level 4.0 Armour
 * Level 5.3 Shields


You had 4 spell levels left.
You didn't know any spells.
Your spell library contained the following spells:

 Spells                   Type           Power      Damage    Failure   Level
 Kiss of Death            Conj/Necr      0%         2d5       90%         1
 Slow                     Hex            0%         N/A       90%         1
 Confusing Touch          Hex            0%         N/A       99%         3
 Vampiric Draining        Necr           0%         2d6       99%         3
 Dispel Undead            Necr           0%         3d6       100%        4


Dungeon Overview and Level Annotations

Branches:
Dungeon (3/15)

Altars:

Shops:
D:1 [

Annotations:
D:2 1 runed translucent door, Crazy Yiuf, Jessica


Innate Abilities, Weirdness & Mutations

You cannot be hasted, slowed, berserked, paralysed or teleported.
You can dig through walls and to a lower floor.
You have a pair of large antennae on your head. (SInv)
Your four strong arms can wield two-handed weapons with a shield.


Message History

An endoplasm is nearby!
You slash the endoplasm!
You kill the endoplasm!
You now have 143 gold pieces (gained 5).
You sense a monster nearby.
No target in view!
An ogre comes into view. It is wielding a +0 giant club.
You barely miss the ogre.
The ogre hits you with a +0 giant club!!
Ouch! That really hurt!
An ogre is nearby!
You are too injured to fight recklessly!
An ogre is nearby!
You are too injured to fight recklessly!
You feel very mighty all of a sudden. The ogre misses you.
You are too injured to fight recklessly!
You are too injured to fight recklessly!
You are too injured to fight recklessly!
You are too injured to fight recklessly!
You barely miss the ogre. The ogre barely misses you.
You barely miss the ogre. The ogre closely misses you.
You slash the ogre!
The ogre is moderately wounded.
The ogre hits you with a +0 giant club!!
* * * LOW HITPOINT WARNING * * *
You barely miss the ogre.
The ogre is moderately wounded.
The ogre barely misses you.
You barely miss the ogre.
The ogre is moderately wounded.
The ogre barely misses you.
Unknown command.
You slash the ogre!
The ogre is heavily wounded.
The ogre barely misses you.
You barely miss the ogre.
The ogre is heavily wounded.
The ogre hits you with a +0 giant club!
You die...

#.###.........##.###..
#.........######.# ###
#.###.##..# #.#
#.###.##..# #+#
#.........#
#.###...#.#
#.####..#.#
#.........## #
####.@.....+ +
##O...### # .#...# .#
#..# ## #.# .# #+# #
#.# #.# ##.##


You could see an ogre.

Vanquished Creatures
  An iguana (D:3)
  An orc wizard (D:3)
  A gnoll (D:1)
  4 adders (D:2)
  A worm (D:2)
  A dart slug (D:1)
  4 orcs (D:3)
  7 ball pythons
  10 endoplasms
  3 goblins
  2 hobgoblins
  5 jackals
  2 quokkas
  5 bats
  3 frilled lizards (D:1)
  7 kobolds
  3 rats
60 creatures vanquished.

Vanquished Creatures (others)
  14 plants (D:1)
14 creatures vanquished.

Grand Total: 74 creatures vanquished

Notes
Turn   | Place    | Note
-------+----------+-------------------------------------------
     0 | D:1      | GigaChad the Formicid Fighter began the quest for the Orb.
     0 | D:1      | Reached XP level 1. HP: 18/18 MP: 1/1
   120 | D:1      | Found a faded altar of an unknown god.
   169 | D:1      | Reached XP level 2. HP: 21/24 MP: 2/2
   269 | D:1      | Found Huege's Antique Armour Shoppe.
   309 | D:1      | Reached XP level 3. HP: 17/29 MP: 3/3
   959 | D:2      | Reached XP level 4. HP: 19/36 MP: 4/4
  1457 | D:2      | Found a runed translucent door.
  1457 | D:2      | Noticed Jessica
  1458 | D:2      | Noticed Crazy Yiuf
  1515 | D:2      | Reached skill level 5 in Shields
  1824 | D:2      | Reached XP level 5. HP: 27/42 MP: 5/5
  2271 | D:3      | Noticed an ogre
  2276 | D:3      | HP: 1/42 [ogre/+0 giant club (20)]
  2280 | D:3      | Slain by an ogre

Illustrated notes

Levels and vault maps discovered:
D:1:      roderic_crop_circles_arrival_large, layout_basic,
          dreamdust_ecumenical_altar_grove, serial_shops, shop, st_stairs_6
D:2:      layout_loops_ring, uniq_crazy_yiuf_cottage, uniq_jessica
D:3:      layout_loops_corners

Skill      XL: |  1  2  3  4  5 |
---------------+----------------+-----
Axes           | 3 |  3.6
Shields        | 5 |  5.3
Armour         | 4 |  4.0
Fighting       | 4 |  4.0

Action                     |  1- 3 |  4- 6 || total
---------------------------+-------+-------++-------
  Melee: War axe           |    66 |   123 ||   189
    Use: Potion            |       |     1 ||     1
 Armour: Scale mail        |    22 |    62 ||    84
  Dodge: Dodged            |    23 |    47 ||    70
  Block: Buckler           |    13 |       ||    13
         Kite shield       |     8 |    62 ||    70

Table legend: (Time is in decaauts)
 A = Elapsed time spent in this place.
 B = Non-inter-level travel time spent in this place.
 C = Inter-level travel time spent in this place.
 D = Time resting spent in this place.
 E = Time spent auto-exploring this place.
 F = Levels seen in this place.
 G = Mean time per level.
                   A        B        C        D        E       F      G
               +--------+--------+--------+--------+--------+-----+--------+
         Total |   2366 |   2331 |     35 |    265 |   1449 |   3 |  788.7 |
       Dungeon |   2366 |   2331 |     35 |    265 |   1449 |   3 |  788.7 |
               +--------+--------+--------+--------+--------+-----+--------+

Top non-repeatable levels by time:
     D:2: 1182 daAuts
     D:1: 912 daAuts
     D:3: 272 daAuts
